 Dungeon Crawl Stone Soup version 0.29.0-4-gdea44cf6ec (webtiles) character file.

Game seed: 9649676365127577049

973 qw the Chopper (level 8, -4/50 HPs)
             Began as a Gargoyle Delver on Sept 10, 2022.
             Slain by an eight-headed hydra (6 damage)
             ... on level 6 of the Dungeon.
             The game lasted 00:02:22 (6803 turns).

qw the Chopper (Gargoyle Delver)                    Turns: 6803, Time: 00:02:22

Health: -4/50      AC: 21    Str: 18    XL:     8   Next: 16%
Magic:  3/8        EV:  7    Int: 11    God:
Gold:   279        SH:  0    Dex: 11    Spells: 7/7 levels left

rFire   . . .      SeeInvis .   a - +0 flail
rCold   . . .      Faith    .   (no shield)
rNeg    + . .      Spirit   .   h - +0 chain mail
rPois   inf        Reflect  .   (no helmet)
rElec   +          Harm     .   (no cloak)
rCorr   .          Rampage  .   c - +2 pair of gloves {infuse}
Will    .....                   (no boots)
Stlth   ..........              (no amulet)
HPRegen 0.16/turn               k - +4 ring of protection
MPRegen 0.11/turn               j - +4 ring of slaying {mikee}

@: about to teleport
A: sickness immunity, AC +5, negative energy resistance 1, electricity
resistance, torment resistance 1, petrification resistance
a: no special abilities


You were on level 6 of the Dungeon.
You visited 1 branch of the dungeon, and saw 6 of its levels.

You collected 279 gold pieces.


Innate Abilities, Weirdness & Mutations

You are immune to sickness and miasma.
Your stone body is resilient. (AC +5)
You are immune to poison.
You resist negative energy. (rN+)
You are resistant to electric shocks. (rElec)
You are resistant to unholy torment.
You are immune to petrification.


   Skills:
 - Level 5.4 Fighting
 + Level 7.2 Axes
 - Level 3.0 Armour
 - Level 1.5 Dodging
 - Level 5.4 Stealth


You had 7 spell levels left.
You didn't know any spells.
Your spell library was empty.

Inventory:

Hand Weapons
 a - a +0 flail (weapon)
 n - a +1 spectral hand axe
Armour
 c - a +2 pair of gloves of infusion (worn)
 h - a +0 chain mail (worn)
 i - a +0 plate armour
Jewellery
 j - a +4 ring of slaying (right hand) {mikee}
 k - a +4 ring of protection (left hand)
Wands
 g - a wand of digging (3)
Scrolls
 d - a scroll of identify
Potions
 b - 3 potions of heal wounds
 e - a potion of mutation
 f - 3 potions of haste

Dungeon Overview and Level Annotations

Branches:
Dungeon (6/15)
 Temple: D:4-7

Altars:
Trog

Shops:
D:4 (


Message History

You sock the eight-headed hydra!
The eight-headed hydra is lightly wounded.
The eight-headed hydra bites you but does no damage. x3
The eight-headed hydra bites you.
The eight-headed hydra bites you but does no damage.
The eight-headed hydra bites you! The eight-headed hydra bites you.
The eight-headed hydra bites you but does no damage.
You thump the eight-headed hydra!
The eight-headed hydra is moderately wounded.
The eight-headed hydra closely misses you.
The eight-headed hydra bites you but does no damage. x2
The eight-headed hydra bites you.
The eight-headed hydra barely misses you. x2
The eight-headed hydra bites you but does no damage.
The eight-headed hydra barely misses you.
You sock the eight-headed hydra!
The eight-headed hydra is moderately wounded.
The eight-headed hydra barely misses you.
The eight-headed hydra bites you!
The eight-headed hydra closely misses you.
The eight-headed hydra bites you but does no damage.
The eight-headed hydra completely misses you.
The eight-headed hydra barely misses you.
The eight-headed hydra bites you but does no damage.
The eight-headed hydra bites you!
You sock the eight-headed hydra!
The eight-headed hydra is heavily wounded.
The eight-headed hydra bites you!
The eight-headed hydra barely misses you.
The eight-headed hydra bites you but does no damage. x2
The eight-headed hydra bites you.
The eight-headed hydra bites you but does no damage. x2
The eight-headed hydra completely misses you.
6803 ||| READING scroll of teleportation.
As you read the scroll of teleportation, it crumbles to dust.
You feel strangely unstable. The eight-headed hydra bites you.
The eight-headed hydra bites you but does no damage. x2
The eight-headed hydra bites you.
You die...

###.#.#...## ###.......#
#.......##.####.##.#.####
#.###.#[###(##.#.#.#.#
#.###.[.......###....#
......#.###.##.#...##.#
#.##.#..##.####.#### ##
#.##.##...## #.#
#.......### ##.##
#.##....# #..@# # #....#
#..D# #....# #...# #.#)##
#...# #.#.# ..... #....
....... .##.## ........ .
#.# ####...### #.#


You could see an eight-headed hydra.

Vanquished Creatures
  2 ogres (D:4)
  A centaur (D:5)
  A phantom (D:5)
  2 scorpions (D:4)
  2 orc priests
  4 hounds
  An iguana (D:6)
  3 orc wizards
  8 gnolls
  7 adders
  A white imp (D:5)
  An ufetubus (D:6)
  2 worms
  2 dart slugs
  10 orcs
  10 endoplasms
  4 giant cockroaches
  8 hobgoblins
  4 jackals (D:1)
  3 quokkas
  3 ball pythons (D:1)
  5 bats
  4 frilled lizards
  8 goblins
  5 kobolds
  4 rats
105 creatures vanquished.

Notes
Turn   | Place    | Note
-------+----------+-------------------------------------------
     0 | D:5      | qw the Gargoyle Delver began the quest for the Orb.
     0 | D:5      | Reached XP level 1. HP: 14/14 MP: 1/1
     0 | D:5      | 0 ||| qw: Version: 0.1-a-117-gfe26ee0
     0 | D:5      | 0 ||| qw: Game counter: 9592
     0 | D:5      | 0 ||| qw: Always use a shield: true
     0 | D:5      | 0 ||| qw: God list: Okawaru
     0 | D:5      | 0 ||| qw: Allow faded altars: false
     0 | D:5      | 0 ||| qw: Do Orc after D:15 true
     0 | D:5      | 0 ||| qw: Do second Lair branch before Depths: true
     0 | D:5      | 0 ||| qw: Lair rune preference: random
     0 | D:5      | 0 ||| qw: Plans: Normal
     0 | D:5      | 0 ||| PLANNING D:1-11
     7 | D:5      | 7 ||| DROPPING scroll of fog.
     8 | D:5      | 8 ||| DROPPING scroll of magic mapping.
     9 | D:5      | 9 ||| DROPPING scroll of fear.
   125 | D:1      | Reached skill level 2 in Axes
   383 | D:1      | 383 ||| Stepping ~*~*~tactically~*~*~ (stealth).
   393 | D:1      | Reached XP level 2. HP: 18/19 MP: 2/2
   526 | D:1      | 526 ||| Stepping ~*~*~tactically~*~*~ (stealth).
   536 | D:1      | 536 ||| Stepping ~*~*~tactically~*~*~ (stealth).
   705 | D:1      | 705 ||| Stepping ~*~*~tactically~*~*~ (stealth).
   706 | D:1      | 706 ||| Stepping ~*~*~tactically~*~*~ (stealth).
   728 | D:1      | 728 ||| Stepping ~*~*~tactically~*~*~ (stealth).
   730 | D:1      | 730 ||| Stepping ~*~*~tactically~*~*~ (stealth).
   731 | D:1      | 731 ||| Stepping ~*~*~tactically~*~*~ (stealth).
   874 | D:1      | 874 ||| Stepping ~*~*~tactically~*~*~ (stealth).
   876 | D:1      | 876 ||| Stepping ~*~*~tactically~*~*~ (stealth).
   971 | D:1      | 971 ||| DROPPING +0 club.
  1001 | D:1      | Reached skill level 3 in Axes
  1079 | D:1      | Reached XP level 3. HP: 21/23 MP: 3/3
  1298 | D:1      | 1298 ||| Stepping ~*~*~tactically~*~*~ (stealth).
  1555 | D:1      | 1555 ||| Stepping ~*~*~tactically~*~*~ (hiding).
  1657 | D:1      | 1657 ||| Stepping ~*~*~tactically~*~*~ (hiding).
  1759 | D:1      | 1759 ||| Stepping ~*~*~tactically~*~*~ (hiding).
  1861 | D:1      | 1861 ||| Stepping ~*~*~tactically~*~*~ (hiding).
  1963 | D:1      | 1963 ||| Stepping ~*~*~tactically~*~*~ (hiding).
  2065 | D:1      | 2065 ||| Stepping ~*~*~tactically~*~*~ (hiding).
  2167 | D:1      | 2167 ||| Stepping ~*~*~tactically~*~*~ (hiding).
  2269 | D:1      | 2269 ||| Stepping ~*~*~tactically~*~*~ (hiding).
  2371 | D:1      | 2371 ||| Stepping ~*~*~tactically~*~*~ (hiding).
  2644 | D:1      | 2644 ||| UPGRADING to +0 ring mail.
  2654 | D:1      | 2654 ||| DROPPING +0 leather armour.
  2655 | D:1      | 2655 ||| DROPPING +6 ring of intelligence.
  2656 | D:1      | 2656 ||| UPGRADING to +4 ring of protection.
  2657 | D:1      | 2657 ||| READING scroll labelled DOCLYIDDESK.
  2658 | D:1      | 2658 ||| READING scroll labelled GIRROPR GONT.
  2659 | D:1      | 2659 ||| DRINKING 2 sedimented pink potions.
  2693 | D:2      | 2693 ||| Stepping ~*~*~tactically~*~*~ (stealth).
  2707 | D:2      | 2707 ||| Stepping ~*~*~tactically~*~*~ (hiding).
  2708 | D:2      | 2708 ||| Stepping ~*~*~tactically~*~*~ (hiding).
  2717 | D:2      | Reached XP level 4. HP: 7/28 MP: 4/4
  2717 | D:2      | 2717 ||| DRINKING potion of heal wounds.
  2720 | D:2      | HP: 5/28 [gnoll/+0 club (5)]
  2721 | D:2      | Reached skill level 4 in Axes
  2981 | D:2      | 2981 ||| DROPPING +0 mace.
  2995 | D:2      | 2995 ||| Stepping ~*~*~tactically~*~*~ (stealth).
  3000 | D:2      | Reached skill level 1 in Armour
  3210 | D:2      | 3210 ||| Stepping ~*~*~tactically~*~*~ (stealth).
  3299 | D:2      | Reached XP level 5. HP: 26/32 MP: 5/5
  3648 | D:2      | Found a faded altar of an unknown god.
  3652 | D:2      | 3652 ||| UPGRADING to +4 ring of slaying {mikee}.
  3653 | D:2      | 3653 ||| READING scroll labelled XOGIGYXEPO.
  3653 | D:2      | Identified a scroll of acquirement
  3653 | D:2      | 3653 ||| ACQUIRING +2 pair of gloves of infusion
  3653 | D:2      | Acquired a +2 pair of gloves of infusion
  3655 | D:2      | 3655 ||| UPGRADING to +2 pair of gloves of infusion.
  3660 | D:2      | 3660 ||| READING scroll labelled YLESOQ WERO.
  3663 | D:2      | 3663 ||| DRINKING 2 fizzy coppery potions.
  3700 | D:2      | 3700 ||| DROPPING potion of lignification.
  3999 | D:3      | Found a bloodstained altar of Trog.
  4569 | D:3      | 4569 ||| READING scroll labelled EJUHOE OKUTZ.
  4570 | D:3      | 4570 ||| READING 2 scrolls labelled XETAWOCIYMP.
  4571 | D:3      | 4571 ||| READING scroll of enchant weapon.
  4571 | D:3      | 4571 ||| ENCHANTING +0 spectral hand axe.
  4572 | D:3      | 4572 ||| READING scroll labelled VAGGISTUDDA.
  4573 | D:3      | 4573 ||| READING scroll labelled JOOTUGHO USIO.
  4574 | D:3      | 4574 ||| READING 3 scrolls of identify.
  4574 | D:3      | 4574 ||| IDENTIFYING lumpy red potion
  4575 | D:3      | 4575 ||| READING 2 scrolls of identify.
  4575 | D:3      | 4575 ||| IDENTIFYING lumpy brown potion
  4576 | D:3      | 4576 ||| DROPPING potion of degeneration.
  4764 | D:4      | Reached skill level 5 in Axes
  4827 | D:4      | 4827 ||| STAIRDANCE
  4841 | D:3      | 4841 ||| DROPPING ring of positive energy.
  5026 | D:4      | Reached XP level 6. HP: 38/38 MP: 4/6
  5144 | D:4      | Found Fish's Weapon Shoppe.
  5259 | D:4      | Reached skill level 6 in Axes
  5342 | D:4      | Reached XP level 7. HP: 38/43 MP: 1/7
  5549 | D:4      | 5549 ||| READING scroll labelled ZEVOMI IDDYITI.
  5550 | D:4      | 5550 ||| READING 2 scrolls of identify.
  5550 | D:4      | 5550 ||| IDENTIFYING lumpy amethyst potion
  5551 | D:4      | 5551 ||| DROPPING potion of invisibility.
  5590 | D:5      | 5590 ||| Stepping ~*~*~tactically~*~*~ (hiding).
  5692 | D:5      | 5692 ||| Stepping ~*~*~tactically~*~*~ (hiding).
  5794 | D:5      | 5794 ||| Stepping ~*~*~tactically~*~*~ (hiding).
  6010 | D:5      | Reached skill level 7 in Axes
  6014 | D:5      | 6014 ||| FLEEEEING.
  6015 | D:5      | 6015 ||| FLEEEEING.
  6016 | D:5      | 6016 ||| FLEEEEING.
  6017 | D:5      | 6017 ||| FLEEEEING.
  6018 | D:5      | 6018 ||| FLEEEEING.
  6019 | D:5      | 6019 ||| FLEEEEING.
  6020 | D:5      | 6020 ||| FLEEEEING.
  6021 | D:5      | 6021 ||| FLEEEEING.
  6022 | D:5      | 6022 ||| FLEEEEING.
  6023 | D:5      | 6023 ||| FLEEEEING.
  6024 | D:5      | 6024 ||| FLEEEEING.
  6025 | D:5      | 6025 ||| FLEEEEING.
  6026 | D:5      | 6026 ||| FLEEEEING.
  6027 | D:5      | 6027 ||| FLEEEEING.
  6028 | D:5      | 6028 ||| FLEEEEING.
  6029 | D:5      | 6029 ||| FLEEEEING.
  6030 | D:5      | 6030 ||| FLEEEEING.
  6031 | D:5      | 6031 ||| FLEEEEING.
  6032 | D:5      | 6032 ||| FLEEEEING.
  6033 | D:5      | 6033 ||| FLEEEEING.
  6034 | D:5      | 6034 ||| FLEEEEING.
  6035 | D:5      | 6035 ||| FLEEEEING.
  6036 | D:5      | 6036 ||| FLEEEEING.
  6039 | D:5      | 6039 ||| FLEEEEING.
  6040 | D:5      | 6040 ||| FLEEEEING.
  6041 | D:5      | 6041 ||| FLEEEEING.
  6042 | D:5      | 6042 ||| FLEEEEING.
  6043 | D:5      | 6043 ||| FLEEEEING.
  6044 | D:5      | 6044 ||| FLEEEEING.
  6045 | D:5      | 6045 ||| FLEEEEING.
  6047 | D:5      | 6047 ||| STAIRDANCE
  6214 | D:5      | 6214 ||| Stepping ~*~*~tactically~*~*~ (stealth).
  6216 | D:5      | 6216 ||| Stepping ~*~*~tactically~*~*~ (stealth).
  6318 | D:5      | 6318 ||| Stepping ~*~*~tactically~*~*~ (stealth).
  6454 | D:5      | Reached XP level 8. HP: 50/50 MP: 6/8
  6486 | D:5      | 6486 ||| UPGRADING to +0 chain mail.
  6496 | D:5      | 6496 ||| DROPPING +0 ring mail.
  6497 | D:5      | 6497 ||| READING 3 scrolls labelled SIHEF DAOPYM.
  6498 | D:5      | 6498 ||| DROPPING 2 scrolls of noise.
  6503 | D:6      | 6503 ||| Stepping ~*~*~tactically~*~*~ (stealth).
  6505 | D:6      | 6505 ||| Stepping ~*~*~tactically~*~*~ (stealth).
  6510 | D:6      | 6510 ||| Stepping ~*~*~tactically~*~*~ (hiding).
  6516 | D:6      | 6516 ||| Stepping ~*~*~tactically~*~*~ (stealth).
  6554 | D:6      | Reached skill level 3 in Armour
  6554 | D:6      | 6554 ||| FLEEEEING.
  6555 | D:6      | 6555 ||| FLEEEEING.
  6556 | D:6      | 6556 ||| FLEEEEING.
  6557 | D:6      | 6557 ||| FLEEEEING.
  6558 | D:6      | 6558 ||| FLEEEEING.
  6559 | D:6      | 6559 ||| FLEEEEING.
  6560 | D:6      | 6560 ||| FLEEEEING.
  6561 | D:6      | 6561 ||| FLEEEEING.
  6562 | D:6      | 6562 ||| FLEEEEING.
  6563 | D:6      | 6563 ||| FLEEEEING.
  6564 | D:6      | 6564 ||| FLEEEEING.
  6565 | D:6      | 6565 ||| FLEEEEING.
  6566 | D:6      | 6566 ||| STAIRDANCE
  6792 | D:6      | Noticed an eight-headed hydra
  6797 | D:6      | 6797 ||| SWAPPING to +0 flail.
  6802 | D:6      | HP: 9/50 [eight-headed hydra (8)]
  6803 | D:6      | 6803 ||| READING scroll of teleportation.
  6803 | D:6      | HP: 2/50 [eight-headed hydra (3)]
  6803 | D:6      | Slain by an eight-headed hydra

Levels and vault maps discovered:
D:1:      dpeg_arrival_rhombus, layout_basic
D:2:      layout_basic, dreamdust_ecumenical_altar_angels_and_demons
D:3:      layout_loops_corners, mainiacjoe_overflow_24_doors,
          minmay_misc_feat_more_columns
D:4:      layout_loops_cross, serial_shops, nicolae_square_shop
D:5:      layout_basic
D:6:      layout_loops_cross, temple_hall, uniq_duvessa, uniq_blork_the_orc

Skill      XL: |  1  2  3  4  5  6  7  8 |
---------------+-------------------------+-----
Axes           | 2 3 4 5 6 7 |  7.2
Armour         | 1 2 3 |  3.0
Fighting       | 4 5 |  5.4
Dodging        | |  1.5
Stealth        | |  5.4

Action                   |  1- 3 |  4- 6 |  7- 9 || total
-------------------------+-------+-------+-------++-------
Melee: Hand axe          |   136 |   121 |    52 ||   309
       Punch             |     1 |       |     2 ||     3
       Flail             |       |       |     4 ||     4
  Use: Scroll            |     2 |     9 |     4 ||    15
       Potion            |     1 |     2 |       ||     3
 Stab: Sleeping          |     1 |     2 |       ||     3
       Distracted        |       |     1 |     1 ||     2
Armor: Leather armour    |    41 |       |       ||    41
       Ring mail         |    17 |    52 |    16 ||    85
       Chain mail        |       |       |    28 ||    28
Dodge: Dodged            |    89 |    60 |    24 ||   173

Table legend:
 A = Non-vault XP
 B = Vault XP
 C = Vault XP percentage of total XP
 D = Non-vault monster count
 E = Vault monster count
 F = Vault count percentage of total count
                 A         B        C        D         E       F
            +---------+---------+-------+---------+---------+-------
      Total |    1390 |       0 |   0.0 |     105 |       0 |   0.0
            +---------+---------+-------+---------+---------+-------
        D:1 |      51 |       0 |   0.0 |      32 |       0 |   0.0
        D:2 |     122 |       0 |   0.0 |      21 |       0 |   0.0
        D:3 |      35 |       0 |   0.0 |       7 |       0 |   0.0
        D:4 |     520 |       0 |   0.0 |      19 |       0 |   0.0
        D:5 |     495 |       0 |   0.0 |      19 |       0 |   0.0
        D:6 |     167 |       0 |   0.0 |       7 |       0 |   0.0
            +---------+---------+-------+---------+---------+-------
